 Dungeon Crawl Stone Soup version 0.21-a0-39-g28ea6b7 (webtiles) character file.

1425 tilp the Poker (level 8, -1/52 HPs)
             Began as a Merfolk Ice Elementalist on May 31, 2017.
             Was a Follower of Okawaru.
             Shot with an arrow by a centaur (10 damage)
             ... on level 6 of the Dungeon.
             The game lasted 00:31:37 (9368 turns).

tilp the Poker (Merfolk Ice Elementalist)           Turns: 9368, Time: 00:31:38

Health: -1/52      AC:  7    Str:  5    XL:     8   Next: 72%
Magic:  17/17      EV: 15    Int: 24    God:    Okawaru [*.....]
Gold:   381        SH:  0    Dex: 14    Spells: 13/19 levels left

rFire    + + .     SeeInvis .   w - +2 dagger (venom)
rCold    . . .     Gourm    .   (no shield)
rNeg     . . .     Faith    .   B - +1 robe of Absolutism {rF++ Str-3 Int+7}
rPois    .         Spirit   .   D - +1 helmet
rElec    .         Reflect  .   h - +1 cloak
rCorr    .         Harm     .   (no gloves)
MR       .....                  (no boots)
Stlth    ++........             (no amulet)
Regen    0.2/turn               (no ring)
MPRegen  0.2/turn               (no ring)

@: berserk cooldown, slowed, very slow
A: change form in water, swift swim, stealthy swim
a: Heroism, Renounce Religion


You were on level 6 of the Dungeon.
You worshipped Okawaru.
Okawaru was aware of your devotion.
You were not hungry.

You visited 2 branches of the dungeon, and saw 7 of its levels.

You collected 381 gold pieces.

Inventory:

Hand Weapons
 d - a +0 spear
 p - a +3 war axe
 w - a +2 dagger of venom (weapon)
 E - a +0 halberd
 F - a +0 trident
Missiles
 f - 551 stones (quivered)
Armour
 a - a +2 robe
 h - a +1 cloak (worn)
 z - a +3 leather armour
 B - the +1 robe of Absolutism (worn) {rF++ Str-3 Int+7}
   (You found it on level 4 of the Dungeon)

   It affects your strength (-3).
   It affects your intelligence (+7).
   It greatly protects you from fire.
 D - a +1 helmet (worn)
Jewellery
 r - an uncursed amulet of rage
Wands
 c - a wand of paralysis (15/24)
 o - a wand of polymorph (10/24)
 t - a wand of flame (26/48)
Scrolls
 e - 2 scrolls of magic mapping
 j - 3 scrolls of immolation
 l - 3 scrolls of teleportation
 m - 3 scrolls of remove curse
 q - a scroll of fog
 u - 2 scrolls of recharging
 C - a scroll of amnesia {unknown}
Potions
 k - 3 potions of curing
 s - a potion of agility
 v - a potion of lignification {unknown}
 x - a potion of haste {unknown}
 A - a potion of flight {unknown}
 G - a potion of might {unknown}
Books
 b - a book of Frost

   Spells                             Type                      Level
   a - Freeze                         Ice                          1
   b - Throw Frost                    Conjuration/Ice              2
   c - Ozocubu's Armour               Charms/Ice                   3
   d - Throw Icicle                   Conjuration/Ice              4
   e - Summon Ice Beast               Ice/Summoning                4
 y - a book of Minor Magic

   Spells                             Type                      Level
   a - Magic Dart                     Conjuration                  1
   b - Blink                          Translocation                2
   c - Call Imp                       Summoning                    2
   d - Slow                           Hexes                        2
   e - Conjure Flame                  Conjuration/Fire             3
   f - Mephitic Cloud                 Conjuration/Poison/Air       3
Comestibles
 i - 8 fruits
 n - 2 bread rations


   Skills:
 * Level 6.7 Polearms
 + Level 5.9 Dodging
 - Level 2.1 Stealth
 * Level 6.4 Spellcasting
 - Level 0.7 Conjurations
 + Level 6.2 Ice Magic
 + Level 0.2 Invocations


You had 13 spell levels left.
You knew the following spells:

 Your Spells              Type           Power        Failure   Level  Hunger
a - Freeze                Ice            ####         1%          1    None
b - Throw Frost           Conj/Ice       ###...       2%          2    None
c - Ozocubu's Armour      Chrm/Ice       ###.....     6%          3    None


Dungeon Overview and Level Annotations

Branches:
Dungeon (6/15)             Temple (1/1) D:5

Altars:
Ashenzari
Cheibriados
Dithmenos
Fedhas
Gozag
Hepliaklqana
Kikubaaqudgha
Makhleb
Nemelex Xobeh
Okawaru
Qazlal
Ru
Sif Muna
Trog
Uskayaw
Vehumet
Wu Jian
Yredelemnul
Zin
The Shining One

Shops:
D:5 %:

Annotations:
D:4 exclusion: statue
D:6 nht's ghost, novice MfTm


Message History

You hear a shout!
You see here an arrow.
The centaur shoots an arrow.
The arrow completely misses you.
Unknown command.
Okay, then.
Okay, then.
A red film seems to cover your vision as you go berserk!
You feel yourself moving faster!
You feel mighty!
You feel a strong urge to attack something.
The centaur shoots an arrow.
The arrow hits you!
* * * LOW HITPOINT WARNING * * *
You see here an arrow.
You feel your anger subside.
The centaur shoots an arrow.
The arrow closely misses you.
You are no longer berserk.
You are exhausted.
You feel yourself slow down.
The centaur shoots an arrow.
The arrow misses you.
The centaur shoots an arrow.
The arrow hits you!
You die...

.. .. .# .. ### #
..# .# #.# ..
####.#### ##
#..@....# #.##.##.#
# #.##.# ### #.(..#
.... ###..#
####...###
#.####cg##...h.....h
.......h((..........
.###.....#$.........
#.###.#####...###


You could see a centaur, a gnoll and a jackal.

Vanquished Creatures
  The ghost of nht the Cutter, a novice VSBe of Trog (D:5)
  An orc warrior (D:6)
  A black bear (D:6)
  2 centaurs (D:5)
  An ogre (D:5)
  2 big kobolds (D:5)
  2 hounds
  An orc priest (D:6)
  A bullfrog skeleton (D:5)
  Terence (D:2)
  An iguana (D:4)
  2 orc wizards
  2 worker ants
  A hound zombie (D:5)
  A hound skeleton (D:6)
  12 gnolls
  A howler monkey skeleton (D:5)
  7 adders
  3 oozes
  An adder zombie (D:5)
  2 worms (D:2)
  A dart slug (D:5)
  3 leopard geckos
  10 orcs
  7 bats
  4 giant cockroaches
  35 goblins
  26 hobgoblins
  4 jackals
  7 kobolds
  3 frilled lizards
  A jackal skeleton (D:4)
  5 rats
152 creatures vanquished.

Notes
Turn   | Place    | Note
-------+----------+-------------------------------------------
     0 | D:1      | tilp the Merfolk Ice Elementalist began the quest for the Orb.
     0 | D:1      | Reached XP level 1. HP: 13/13 MP: 3/3
   231 | D:1      | Reached XP level 2. HP: 9/19 MP: 5/5
   466 | D:1      | Reached skill level 1 in Polearms
  1106 | D:2      | Reached XP level 3. HP: 24/24 MP: 4/6
  1379 | D:2      | Noticed Terence
  1425 | D:2      | Killed Terence
  1425 | D:2      | Reached XP level 4. HP: 19/30 MP: 2/8
  2047 | D:2      | Learned a level 2 spell: Throw Frost
  2051 | D:2      | Learned a level 3 spell: Ozocubu's Armour
  2299 | D:2      | Found an opulent altar of Gozag.
  2705 | D:3      | Found a bloodstained altar of Trog.
  3260 | D:4      | Reached XP level 5. HP: 26/35 MP: 9/9
  3944 | D:4      | Reached XP level 6. HP: 33/41 MP: 8/11
  4078 | D:4      | Found a burning altar of Makhleb.
  4137 | D:4      | Found a radiant altar of Vehumet.
  4177 | D:4      | Got a crude robe
  4303 | D:4      | Identified the +1 robe of Absolutism {rF++ Str-3 Int+7} (You found it on level 4 of the Dungeon)
  4881 | D:5      | Entered Level 5 of the Dungeon
  5181 | D:5      | Noticed nht's ghost (novice VSBe)
  5195 | D:5      | Reached skill level 5 in Ice Magic
  5307 | D:5      | Reached skill level 5 in Polearms
  5487 | D:5      | Found Qerora Wuyky's Food Shoppe.
  5498 | D:5      | Reached XP level 7. HP: 23/46 MP: 10/13
  5670 | D:5      | Found a staircase to the Ecumenical Temple.
  5702 | Temple   | Entered the Ecumenical Temple
  5860 | Temple   | Became a worshipper of Warmaster Okawaru
  5884 | D:5      | Found Ifoled's Book Shoppe.
  6008 | D:5      | Found a sparkling altar of Nemelex Xobeh.
  7743 | D:5      | Killed nht's ghost
  7743 | D:5      | Reached * piety under Okawaru
  7743 | D:5      | Reached skill level 5 in Dodging
  7743 | D:5      | Reached skill level 5 in Spellcasting
  7743 | D:5      | Reached XP level 8. HP: 37/52 MP: 5/16
  8751 | D:6      | Noticed nht's ghost (novice MfTm)
  9368 | D:6      | Shot with an arrow by a centaur

Vault maps used:
D:1:      erik_arrival_triangle_medium
D:2:      nicolae_gozag_cash_rules_everything_around_me, uniq_terence
D:3:      bloody_trog
D:4:      vehumet_statue, bloody_makhleb, first_bread
D:5:      minmay_goblin_kobold_castle, kennysheep_little_box,
          minmay_temple_entry_mist, serial_shops, shop, shop
D:6:      marbit_many_paths, uniq_blork_the_orc
Temple:   eino_temple_rhombus

Skill      XL: |  1  2  3  4  5  6  7  8 |
---------------+-------------------------+-----
Polearms       | 1 2 3 4 5 6 |  6.7
Ice Magic      | 4 5 6 |  6.2
Dodging        | 3 5 |  5.9
Spellcasting   | 3 4 5 6 |  6.4
Stealth        | |  2.1
Conjurations   | |  0.7
Invocations    | |  0.2

Action                   |  1- 3 |  4- 6 |  7- 9 || total
-------------------------+-------+-------+-------++-------
Melee: Spear             |    77 |    82 |       ||   159
       Dagger            |       |   106 |   321 ||   427
       Punch             |       |       |     1 ||     1
Throw: Stone             |       |     7 |       ||     7
 Cast: Freeze            |    21 |    30 |    37 ||    88
       Throw Frost       |       |    12 |    10 ||    22
       Ozocubu's Armour  |       |     1 |     6 ||     7
Invok: Heroism           |       |       |     2 ||     2
  Use: Scroll            |       |    10 |     6 ||    16
       Potion            |       |       |     3 ||     3
 Stab: Sleeping          |     6 |     4 |       ||    10
  Eat: Chunk             |     2 |     1 |     1 ||     4
       Meat ration       |       |     1 |     1 ||     2
       Bread ration      |       |     1 |     1 ||     2
       Royal jelly       |       |     2 |     1 ||     3
Armor: Robe              |    12 |    45 |    86 ||   143
       Skin              |     4 |       |       ||     4
Dodge: Dodged            |    41 |   114 |   282 ||   437
